 Dungeon Crawl Stone Soup version 0.27-a0-29-g2d0a2396b0 (webtiles) character file.

Game seed: 11344413941804702162

127 tilp the Sneak (level 5, 0/33 HPs)
             Began as an Octopode Transmuter on Jan 3, 2021.
             Killed by divine providence
             ... invoked by an orc priest
              (10 damage)
             ... on level 3 of the Dungeon.
             The game lasted 00:05:20 (3641 turns).

tilp the Sneak (Octopode Transmuter)                Turns: 3641, Time: 00:05:22

Health: 0/33       AC:  1    Str: 10    XL:     5   Next: 11%
Magic:  6/8        EV: 13    Int: 16    God:
Gold:   140        SH:  0    Dex: 12    Spells: 2/8 levels left

rFire    . . .     SeeInvis .     - Unarmed
rCold    . . .     Faith    .   (no shield)
rNeg     . . .     Spirit   .   (helmet currently unavailable)
rPois    .         Reflect  .   (no amulet)
rElec    .         Harm     .   (no ring)
rCorr    .         Rampage  .   (no ring)
Will     .....                  (no ring)
Stlth    +++.......             (no ring)
HPRegen  0.11/turn              (no ring)
MPRegen  0.11/turn              (no ring)
                                (no ring)
                                (no ring)

@: appendages (expiring)
A: almost no armour, stealthy swim, amphibious, 8 rings, constrict 8, tentacle
spike 3, camouflage 1, gelatinous body 1
a: End Transformation


You were on level 3 of the Dungeon.
One of your tentacles had a temporary spike.
You visited 1 branch of the dungeon, and saw 3 of its levels.

You collected 140 gold pieces.

Inventory:

Missiles
 e - 112 stones (quivered)
Jewellery
 n - an uncursed ring of see invisible {unknown}
Wands
 p - a wand of flame (18)
Scrolls
 b - a scroll of magic mapping
 c - 2 scrolls of teleportation
 f - a scroll of enchant armour {unknown}
 g - a scroll of amnesia {unknown}
 k - a scroll of blinking {unknown}
 l - 3 scrolls of identify
 o - a scroll of remove curse {unknown}
Potions
 a - a potion of curing
 d - 4 potions of might
 h - a potion of cancellation
 i - a potion of attraction
 j - a potion of resistance
 m - 2 potions of lignification
 q - a potion of heal wounds {unknown}


   Skills:
 - Level 1.0 Fighting
 - Level 2.0 Dodging
 - Level 4.0 Stealth
 - Level 3.0 Unarmed Combat
 - Level 2.0 Spellcasting
 + Level 3.7 Transmutations
 - Level 2.0 Poison Magic


You had 2 spell levels left.
You knew the following spells:

 Your Spells              Type           Power        Failure   Level
a - Beastly Appendage     Tmut           26%          4%          1
b - Wereblood             Tmut           13%          7%          2
c - Spider Form           Tmut/Pois      5%           19%         3

Your spell library contained the following spells:

 Spells                   Type           Power        Failure   Level
 Ice Form                 Ice/Tmut       7%           67%         4
 Blade Hands              Tmut           6%           77%         5


Dungeon Overview and Level Annotations

Branches:
Dungeon (3/15)

Altars:
Ashenzari
Cheibriados
Dithmenos
Vehumet
Xom
Yredelemnul

Annotations:
D:2 1 runed translucent door, exclusions: goblin and kobold, Crazy Yiuf, Natasha, Terence


Innate Abilities, Weirdness & Mutations

You cannot wear most types of armour.
You are very stealthy in the water. (Stealth+)
You are amphibious.
You can wear up to eight rings at the same time.
You can use your tentacles to constrict eight enemies at once.
Your skin changes colour to match your surroundings (Stealth+).
Your rubbery body absorbs attacks. (AC +1, EV +1)
One of your tentacles bears a large vicious spike.


Message History

A puff of frost appears from out of thin air!
The puff of frost hits you!
* * * LOW HITPOINT WARNING * * *
You miss something.
You pierce something.
Reactivating autopickup.
You feel a bit more experienced.
Your primal bloodlust has ended.
The orc priest barely misses you.
You have reached level 5!
You feel stronger.
Your transformation is almost over.
The orc priest closely misses you.
Items here: ))) [[ ††.
You barely miss the orc priest. Your grab misses the orc priest.
Your tentacle spike misses the orc priest.
You squeeze the orc priest.
The orc priest is moderately wounded.
The orc priest calls down the wrath of Beogh upon you.
Beogh smites you!
You die...

# #### #. ..#
#..########.##
#..o@........#
$......#######..########
..###.. #.....).?.. ....
#..######## ..... #..#
####..#.# #..# #..#.##
#.## #...#.####.#
####### #. ##...........
.......


You could see an orc priest.

Vanquished Creatures
  An orc wizard (D:3)
  2 adders
  2 worms (D:2)
  4 leopard geckos
  5 orcs (D:3)
  4 giant cockroaches
  2 goblins
  6 hobgoblins
  8 jackals
  A quokka (D:3)
  10 bats
  2 frilled lizards
  9 kobolds
  4 rats
60 creatures vanquished.

Vanquished Creatures (others)
  2 fungi (D:2)
2 creatures vanquished.

Grand Total: 62 creatures vanquished

Notes
Turn   | Place    | Note
-------+----------+-------------------------------------------
     0 | D:1      | tilp the Octopode Transmuter began the quest for the Orb.
     0 | D:1      | Reached XP level 1. HP: 13/13 MP: 3/3
   191 | D:1      | Reached skill level 1 in Stealth
   334 | D:1      | Reached skill level 2 in Stealth
   374 | D:1      | Reached XP level 2. HP: 16/18 MP: 3/5
   457 | D:1      | Learned a level 2 spell: Wereblood
   758 | D:1      | Reached skill level 3 in Stealth
  1046 | D:1      | Reached XP level 3. HP: 21/23 MP: 4/6
  1050 | D:1      | Learned a level 3 spell: Spider Form
  1193 | D:2      | Reached skill level 4 in Stealth
  1374 | D:2      | Noticed Terence
  1442 | D:2      | Reached skill level 1 in Poison Magic
  1596 | D:2      | Noticed Natasha
  1635 | D:2      | Found a shadowy altar of Dithmenos.
  1785 | D:2      | Found a snail-covered altar of Cheibriados.
  1785 | D:2      | Found a shimmering altar of Xom.
  1786 | D:2      | Found a basalt altar of Yredelemnul.
  1786 | D:2      | Found a radiant altar of Vehumet.
  1816 | D:2      | Reached XP level 4. HP: 27/28 MP: 3/7
  2661 | D:2      | Found a runed translucent door.
  2662 | D:2      | Noticed Crazy Yiuf
  3066 | D:3      | Found a broken altar of Ashenzari.
  3640 | D:3      | Reached XP level 5. HP: 10/33 MP: 6/8
  3641 | D:3      | Killed from afar by an orc priest

Illustrated notes

Levels and vault maps discovered:
D:1:      wheals_arrival_linesprint, layout_loops_ring, minmay_tromino_v4_b
D:2:      layout_basic, chequers_temple_overflow_statue_of_worship,
          grunt_dithmenos_smoke_and_mirrors, uniq_crazy_yiuf_cottage,
          uniq_terence, uniq_natasha
D:3:      layout_loops_ring, zin_statuary, ashenzari_conservatory_becter,
          lemuel_round_altar

Skill      XL: |  1  2  3  4 |
---------------+-------------+-----
Stealth        | 2 3 4 |  4.0
Poison Magic   | 1 2 |  2.0
Transmutations | 3 |  3.7
Fighting       | |  1.0
Dodging        | |  2.0
Unarmed Combat | |  3.0
Spellcasting   | |  2.0

Action                   |  1- 3 |  4- 6 || total
-------------------------+-------+-------++-------
Melee: Unarmed           |    73 |    64 ||   137
       Constrict         |    27 |    16 ||    43
       Kick              |    20 |    21 ||    41
       Tentacles         |     8 |     9 ||    17
       Punch             |     3 |       ||     3
Throw: Stone             |     1 |       ||     1
 Cast: Beastly Appendage |    24 |    12 ||    36
       Wereblood         |     3 |     5 ||     8
  Use: Scroll            |       |     8 ||     8
 Stab: Sleeping          |     8 |     1 ||     9
Armor: Skin              |     5 |     4 ||     9
Dodge: Dodged            |    49 |    35 ||    84

Table legend: (Time is in decaauts)
 A = Elapsed time spent in this place.
 B = Non-inter-level travel time spent in this place.
 C = Inter-level travel time spent in this place.
 D = Time resting spent in this place.
 E = Time spent auto-exploring this place.
 F = Levels seen in this place.
 G = Mean time per level.
                   A        B        C        D        E       F      G
               +--------+--------+--------+--------+--------+-----+--------+
         Total |   3635 |   3438 |    197 |    706 |   2210 |   3 | 1211.7 |
       Dungeon |   3635 |   3438 |    197 |    706 |   2210 |   3 | 1211.7 |
               +--------+--------+--------+--------+--------+-----+--------+

Top non-repeatable levels by time:
     D:2: 1790 daAuts
     D:1: 1204 daAuts
     D:3: 640 daAuts
